 Dungeon Crawl Stone Soup version 0.29-a0-617-g7a6b98fccd (webtiles) character file.

Game seed: 8610775763898533626

112 thriggle the Chiller (level 4, -1/30 (32) HPs)
             Began as a Barachi Ice Elementalist on June 17, 2022.
             Was a Believer of Sif Muna.
             Slain by a hell rat (13 damage)
             ... in a sewer.
             The game lasted 00:06:29 (2310 turns).

thriggle the Chiller (Barachi Ice Elementalist)     Turns: 2310, Time: 00:06:30

HP:   -1/30 (32)    AC:  8    Str:  9    XL:     4   Next: 93%
MP:   2/8           EV: 12    Int: 17    God:    Sif Muna [**....]
Gold: 139           SH:  0    Dex: 13    Spells: 1/8 levels left

rFire   . . .      SeeInvis .   i - +0 short sword
rCold   . . .      Faith    .   (no shield)
rNeg    . . .      Spirit   .   a - +0 robe
rPois   .          Reflect  .   (no helmet)
rElec   .          Harm     .   (no cloak)
rCorr   .          Rampage  .   (no gloves)
Will    .....                   (no boots)
Stlth   ++........              (no amulet)
HPRegen 0.10/turn               (no ring)
MPRegen 0.11/turn               (no ring)

@: ice-armoured, freezing walls, drained, slow
A: amphibious, slowness 1, strong legs 1, +LOS
a: Hop, Renounce Religion, Channel Magic


You were in a sewer.
You worshipped Sif Muna.
Sif Muna was pleased with you.
You visited 1 branch of the dungeon, and saw 3 of its levels.
You also visited: Sewer.

You collected 139 gold pieces.

Inventory:

Hand Weapons
 f - a +0 dagger
 h - a +2 halberd of pain
 i - a +0 short sword (weapon)
 o - a +1 dagger of protection
Missiles
 d - 5 boomerangs
 e - 119 stones (quivered)
Armour
 a - a +0 robe (worn)
 j - a +2 ring mail of poison resistance
 m - a +0 leather armour
Potions
 b - a potion of magic
 c - 2 potions of attraction {unknown}
 g - 2 potions of curing
 k - a potion of lignification {unknown}
 l - 2 potions of mutation {unknown}


   Skills:
 + Level 1.3 Fighting
 + Level 1.3 Long Blades
 + Level 1.0 Throwing
 + Level 1.1 Armour
 + Level 2.7 Dodging
 + Level 2.2 Stealth
 * Level 2.9 Spellcasting
 + Level 5.1 Ice Magic
 + Level 1.2 Evocations


You had one spell level left.
You knew the following spells:

 Your Spells              Type           Power      Damage    Failure   Level
a - Freeze                Ice            80%        1d9       2%          1
b - Frozen Ramparts       Ice            40%        1d6       6%          3
c - Ozocubu's Armour      Ice            20%        N/A       6%          3

Your spell library contained the following spells:

 Spells                   Type           Power      Damage    Failure   Level
 Hailstorm                Conj/Ice       11%        3d5       52%         4


Dungeon Overview and Level Annotations

Branches:
Dungeon (3/15)              Sewer (1/1)

Altars:
Sif Muna


Innate Abilities, Weirdness & Mutations

You are amphibious.
You cover ground slowly.
You can hop short distances.
You have an extended range of vision and can be seen from far away.


Message History

You hit the rat.
You kill the rat!
Sif Muna accepts your kill.
You see here a rat corpse.
There is a gate leading back out of this place here.
You see here a rat corpse.
You see here a rat corpse.
You open the door.
A hell rat comes into view.
Found four items.
Found a gate leading back out of this place.
Found a scroll of teleportation, 2 sedimented cyan potions and a golden potion.
There is an open door here.
Casting: Frozen Ramparts (dangerous; 6% risk of failure)
Confirm with . or Enter, or press ? or * to list all spells.
Casting: Frozen Ramparts (dangerous; 6% risk of failure)
Press: ? - help, Dir - look around, f - activate An open door.
The walls around you are covered in ice.
The hell rat roars deafeningly!
Casting: Frozen Ramparts (dangerous; 6% risk of failure)
Confirm with . or Enter, or press ? or * to list all spells.
A film of ice covers your body!
You hit the hell rat but do no damage.
The wall freezes the hell rat.
The hell rat splashes around in the water.
You barely miss the hell rat.
The hell rat is lightly wounded.
The wall freezes the hell rat.
The hell rat barely misses you.
You hit the hell rat but do no damage.
The hell rat is moderately wounded.
The wall freezes the hell rat.
The hell rat splashes around in the water.
The wall freezes the hell rat.
The hell rat bites you!
You feel drained.
You barely miss the hell rat.
The hell rat is heavily wounded.
The wall freezes the hell rat.
The hell rat barely misses you.
You barely miss the hell rat.
The hell rat is almost dead.
The wall freezes the hell rat.
The hell rat bites you!
You die...

###.≈.###
#≈≈≈†.≈≈#
##≈≈≈.≈≈.##
#.≈≈###..≈#
##.≈##.##.≈##
#≈≈.#≈≈.#≈≈.#
#≈†##≈.?##≈≈#
#≈≈#.≈≈!=#.≈#
#≈†@r≈≈?∩#∩∩#
#≈.#≈≈≈?!#†≈#
#≈≈##≈≈!##†≈#
#≈.≈#..≈#...#
##.≈##.##.≈##
#.≈≈###≈.≈#
##.≈†≈...##
#≈.....≈#
###.≈≈###


You could see a hell rat.

Vanquished Creatures
  3 adders (D:2)
  3 gnolls
  2 river rats (Sewer)
  2 worms
  An orc (D:3)
  A bat (D:2)
  3 endoplasms
  A goblin (D:1)
  3 hobgoblins
  2 quokkas (D:2)
  3 ball pythons
  2 frilled lizards (D:2)
  A kobold (D:2)
  9 rats
36 creatures vanquished.

Notes
Turn   | Place    | Note
-------+----------+-------------------------------------------
     0 | D:1      | thriggle the Barachi Ice Elementalist began the quest for
                  | the Orb.
     0 | D:1      | Reached XP level 1. HP: 13/13 MP: 3/3
   473 | D:1      | Reached XP level 2. HP: 20/20 MP: 5/5
   977 | D:1      | Reached skill level 5 in Ice Magic
   977 | D:1      | Reached XP level 3. HP: 11/25 MP: 1/6
   981 | D:1      | Learned a level 3 spell: Frozen Ramparts
   985 | D:1      | Learned a level 3 spell: Ozocubu's Armour
  1170 | D:2      | Found a faded altar of an unknown god.
  1179 | D:2      | Prayed at the altar of an unknown god.
  1179 | D:2      | Became a worshipper of Sif Muna the Loreminder
  1179 | D:2      | Reached * piety under Sif Muna
  1528 | D:2      | Reached skill level 1 in Fighting
  1528 | D:2      | Reached skill level 1 in Long Blades
  1612 | D:2      | Reached XP level 4. HP: 29/32 MP: 4/8
  1969 | D:2      | Reached skill level 1 in Armour
  1969 | D:2      | Reached skill level 1 in Evocations
  2191 | D:3      | Found a glowing drain.
  2204 | Sewer    | Entered a sewer
  2214 | Sewer    | Reached ** piety under Sif Muna
  2232 | Sewer    | Reached skill level 1 in Throwing
  2310 | Sewer    | Slain by a hell rat

Illustrated notes

Levels and vault maps discovered:
D:1:      lightli_arrival_statue_moat, layout_loops_ring
D:2:      layout_basic, ebering_ecumenical_altar_sacrificial, bh_walls_and_bars
D:3:      layout_loops_ring, minitemple, cheibrodos_sewer_entry_drain,
          minmay_misc_feat_nine_boxes, kennysheep_orc_chapel
Sewer:    sewer_hellmonk_bad_rat

Skill      XL: |  1  2  3  4 |
---------------+-------------+-----
Stealth        | 2 |  2.2
Ice Magic      | 5 |  5.1
Fighting       | 1 |  1.3
Long Blades    | 1 |  1.3
Armour         | 1 |  1.1
Evocations     | 1 |  1.2
Throwing       | 1 |  1.0
Dodging        | |  2.7
Spellcasting   | |  2.9

Action                   |  1- 3 |  4- 6 || total
-------------------------+-------+-------++-------
Melee: Short sword       |    19 |    45 ||    64
Throw: Stone             |     4 |       ||     4
       Boomerang         |     8 |       ||     8
 Cast: Freeze            |    23 |    10 ||    33
       Frozen Ramparts   |     1 |     3 ||     4
       Ozocubu's Armour  |     1 |     1 ||     2
 Abil: Hop               |     1 |       ||     1
  Use: Scroll            |     4 |     2 ||     6
       Potion            |     1 |       ||     1
 Stab: Sleeping          |     1 |     2 ||     3
Armor: Robe              |     4 |     8 ||    12
Dodge: Dodged            |    24 |    36 ||    60

Table legend: (Time is in decaauts)
 A = Elapsed time spent in this place.
 B = Non-inter-level travel time spent in this place.
 C = Inter-level travel time spent in this place.
 D = Time resting spent in this place.
 E = Time spent auto-exploring this place.
 F = Levels seen in this place.
 G = Mean time per level.
                   A        B        C        D        E       F      G
               +--------+--------+--------+--------+--------+-----+--------+
         Total |   2580 |   2501 |     79 |    442 |   1482 |   4 |  645.0 |
       Dungeon |   2462 |   2383 |     79 |    420 |   1482 |   3 |  820.7 |
         Sewer |    118 |    118 |      0 |     22 |      0 |   1 |  118.0 |
               +--------+--------+--------+--------+--------+-----+--------+

Top non-repeatable levels by time:
     D:1: 1231 daAuts
     D:2: 1153 daAuts
   Sewer: 118 daAuts
     D:3: 78 daAuts
